 Dungeon Crawl Stone Soup version 0.30-a0-924-g0ad0bf95bc (webtiles) character file.

Game seed: 6243698566209975981

15008 Pooter the Cleaver (level 11, -4/151 HPs)
             Began as a Minotaur Berserker on Mar 22, 2023.
             Was a Priest of Trog.
             Slain by Donald
             ... wielding a +1 demon trident of flaming
              (8 damage)
             ... on level 2 of the Orcish Mines.
             The game lasted 01:11:43 (17693 turns).

Pooter the Cleaver (Minotaur Berserker)            Turns: 17693, Time: 01:11:43

Health: -4/151     AC: 18    Str: 24    XL:     11   Next: 96%
Magic:  0/10       EV:  7    Int:  4    God:    Trog [***...]
Gold:   1068       SH:  0    Dex: 12    Spells: 10/10 levels left

rFire   . . .      SeeInvis .    a - +1 battleaxe (flame)
rCold   . . .      Faith    .    (shield currently unavailable)
rNeg    . . .      Spirit   +    d - +2 plate armour
rPois   .          Reflect  .    (helmet restricted)
rElec   .          Rampage  .    i - +0 cloak
rCorr   .                        D - +2 pair of gloves
Will    +++..                    K - +0 pair of boots Stlth
                                 G - amulet of guardian spirit
HPRegen 1.45/turn                u - ring of willpower
MPRegen 0.12/turn                w - ring of flight

@: berserking, strong-willed, flying, regenerating, very quick
A: horns 2, retaliatory headbutt
a: Renounce Religion, Berserk, Trog's Hand


You were on level 2 of the Orcish Mines.
You worshipped Trog.
Trog was most pleased with you.
You visited 2 branches of the dungeon, and saw 12 of its levels.
You also visited: Bailey.

You collected 1068 gold pieces.

Inventory:

Hand Weapons
 a - a +1 battleaxe of flaming (weapon)
   (You took it off an orc knight on level 2 of the Orcish Mines)
 b - a +5 sling of flaming
   (You found it on level 8 of the Dungeon)
 v - a +1 heavy mace
   (You took it off an orc on level 5 of the Dungeon)
 H - a +0 halberd
   (You took it off a gnoll on level 8 of the Dungeon)
 I - a +0 trident
   (You took it off an orc on level 8 of the Dungeon)
 N - a +0 broad axe
   (You found it on level 8 of the Dungeon)
 O - a +0 dire flail
   (You took it off a two-headed ogre on level 8 of the Dungeon)
 R - the +4 great mace of a volcano {freeze, Fragile rN+++ SInv Stlth+}
   (You took it off an orc on level 8 of the Dungeon)

   rN:        It renders you almost immune to negative energy.
   SInv:      It lets you see invisible.
   Fragile:   It will be destroyed if unequipped.
   Stlth:     It makes you more stealthy.
 S - a +0 shortbow
   (You took it off a centaur on level 4 of the Dungeon)
 Y - a +3 war axe
   (You found it on level 3 of the Dungeon)
Missiles
 c - 2 atropa-tipped darts
 h - 26 boomerangs (quivered)
 r - 4 silver boomerangs
 s - 30 poisoned darts
 J - 2 throwing nets {!f}
 P - a curare-tipped dart
 Q - 101 stones
 X - 3 boomerangs of dispersal {!f}
Armour
 d - a +2 plate armour (worn)
   (You found it on level 1 of the Dungeon)
 i - a +0 cloak (worn)
   (You found it on level 7 of the Dungeon)
 D - a +2 pair of gloves (worn)
   (You found it on level 6 of the Dungeon)
 K - a +0 pair of boots (worn)
   (You found it on level 5 of the Dungeon)
 U - a +0 kite shield
   (You took it off a gnoll sergeant on level 8 of the Dungeon)
Jewellery
 u - a ring of willpower (left hand)
   (You found it on level 4 of the Dungeon)
 w - a ring of flight (right hand)
   (You took it off an orc warrior in a bailey)
 G - an amulet of guardian spirit (around neck)
   (You found it on level 10 of the Dungeon)
Wands
 f - a wand of flame (16)
   (You found it on level 8 of the Dungeon)
 k - a wand of roots (27)
   (You found it on level 3 of the Dungeon)
Scrolls
 g - 4 scrolls of blinking
 o - a scroll of torment {!r}
 q - 2 scrolls of summoning
 t - 2 scrolls of teleportation {@r4}
 y - a scroll of poison {!r}
 B - a scroll of immolation {!r}
 C - 2 scrolls of vulnerability {!r}
 M - 2 scrolls of fog
Potions
 e - 3 potions of lignification {!q}
 j - 4 potions of heal wounds {@q2}
 l - 2 potions of mutation {!q}
 m - 2 potions of degeneration {unknown}
 n - 4 potions of flight
 p - a potion of haste {unknown}
 x - a potion of resistance
 z - a potion of might {unknown}
 A - 2 potions of curing {@q1}
 E - 2 potions of invisibility {unknown}
 F - a potion of ambrosia {unknown}
 L - a potion of brilliance {unknown}
 V - a potion of cancellation {unknown}
Miscellaneous
 T - a phantom mirror (inert)
   (You found it on level 8 of the Dungeon)
 W - a piece from Xom's chessboard (15/15)
   (You found it in a bailey)


   Skills:
 + Level 10.7 Fighting
 * Level 14.5 Axes
 * Level 12.5 Ranged Weapons
 - Level 2.4 Armour
 - Level 2.1 Dodging
 + Level 5.5 Evocations


You had 10 spell levels left.
You didn't know any spells.
Your spell library was empty.

Dungeon Overview and Level Annotations

Branches:
Dungeon (10/15)            Temple (0/1) D:4             Orc (2/2) D:10
    Elf (0/3) Orc:2        Bailey (visited)
   Lair: D:8-11

Altars:
Kikubaaqudgha
Nemelex Xobeh
Sif Muna
Uskayaw
Vehumet
Wu Jian
Xom
The Shining One

Shops:
D:3 =   D:6 :

Annotations:
D:8 2 runed translucent doors
Orc:2 Donald


Innate Abilities, Weirdness & Mutations

You have a pair of horns on your head.
You reflexively headbutt those who attack you in melee.


Message History

You shoot a sling bullet. The sling bullet hits Donald.
The sling bullet burns Donald.
Donald gestures wildly while chanting.
Donald seems to speed up.
You shoot a sling bullet. The sling bullet hits Donald.
Donald sings, "Roses are red / violets are blue / I hate many things / But most of all you!"
You shoot a sling bullet.
The sling bullet hits Donald but does no damage.
Donald hits Donald from afar with a +1 demon trident of flaming.
Donald burns Donald.
Your +5 sling of flaming stops flaming.
Your +1 battleaxe of flaming bursts into flame!
a - a +1 battleaxe of flaming (weapon)
Donald sighs.
Donald gestures wildly while chanting.
Donald seems to grow stronger.
Donald hits you from afar with a +1 demon trident of flaming!!
Donald burns you!
Your skin crawls.
You feel strong-willed.
Donald hits you from afar with a +1 demon trident of flaming!!
* * * LOW MAGIC WARNING * * *
* * * LOW HITPOINT WARNING * * *
Donald burns you!
* * * LOW MAGIC WARNING * * *
* * * LOW HITPOINT WARNING * * *
Donald blocks Donald's attack.
A red film seems to cover your vision as you go berserk!
You feel yourself moving faster!
You feel mighty!
You can no longer call in reinforcements.
Donald hits Donald from afar with a +1 demon trident of flaming!!
Donald burns Donald.
Donald gestures wildly while chanting.
Donald seems to speed up.
Unknown command.
You feel a strong urge to attack something.
Donald shimmers and vanishes!
Donald hits you with a +1 demon trident of flaming.
* * * LOW MAGIC WARNING * * *
Donald burns you.
* * * LOW HITPOINT WARNING * * *
Items here: )) [ ††.
You slice Donald!! You burn Donald. You headbutt Donald!
Donald completely misses you.
You barely miss Donald. Donald blocks your attack.
Donald hits you with a +1 demon trident of flaming!!!
* * * LOW MAGIC WARNING * * *
* * * LOW HITPOINT WARNING * * *
Donald burns you!
You die...

##.###.#######............
..........................
.........................
#.#....#.....##.#...>....
#)..).....###........###
#).).#..).##..##.....## #
##..))................#
..#.#.....@...............#
$.......))@)....###.####.## #
............)..## ### ### ##
##........†..#[.##
.####.#........))).<.###
..##............<......##
.###....................#
###...........#)........##
.#.......................###
........................##.###


You could see Donald (fast, strong, reflecting).

Vanquished Creatures
  Josephine (Orc:1)
  3 two-headed ogres
  2 orc knights
  A cyclops (Orc:1)
  A gargoyle (D:8)
  5 trolls
  Grinder (D:5)
  2 hornets (D:9)
  5 wraiths
  9 yaks (D:9)
  A vampire mosquito (D:8)
  4 wargs (Orc:2)
  Duvessa (D:5)
  An acid dragon (D:10)
  2 ice beasts
  A black bear (D:3)
  20 orc warriors
  7 ogres
  A centaur (D:4)
  3 kobold brigands
  2 gnoll sergeants
  5 bullfrogs
  5 scorpions
  3 wights (D:7)
  Dowan (D:5)
  11 killer bees
  6 howler monkeys
  2 electric eels (D:8)
  4 jellies
  4 hounds
  15 orc priests
  3 gnoll boudas
  5 iguanas
  15 orc wizards
  A sleepcap (D:6)
  33 gnolls
  7 adders
  2 white imps (D:8)
  2 ufetubi
  A dart slug (D:5)
  65 orcs
  11 endoplasms
  A giant cockroach (D:3)
  12 goblins
  7 hobgoblins
  2 jackals (D:5)
  30 kobolds
  8 quokkas
  10 ball pythons
  7 bats
  4 frilled lizards
  3 rats
358 creatures vanquished.

Vanquished Creatures (others)
  6 plants
6 creatures vanquished.

Grand Total: 364 creatures vanquished

Notes
Turn   | Place    | Note
-------+----------+-------------------------------------------
     0 | D:1      | Pooter the Minotaur Berserker began the quest for the Orb.
     0 | D:1      | Reached XP level 1. HP: 19/19 MP: 0/0
   142 | D:1      | Reached skill level 4 in Axes
   157 | D:1      | Reached XP level 2. HP: 19/27 MP: 1/1
   492 | D:1      | Reached ** piety under Trog
   493 | D:1      | Reached XP level 3. HP: 33/33 MP: 2/2
  1079 | D:2      | Reached skill level 5 in Axes
  1510 | D:2      | Found a faded altar of an unknown god.
  1717 | D:3      | Reached XP level 4. HP: 41/41 MP: 3/3
  1752 | D:3      | Reached skill level 1 in Ranged Weapons
  2079 | D:3      | Found Menujocw's Jewellery Emporium.
  2274 | D:3      | Reached XP level 5. HP: 47/47 MP: 4/4
  2409 | D:3      | Noticed a black bear
  2420 | D:3      | Killed a black bear
  2421 | D:3      | Reached skill level 5 in Fighting
  2421 | D:3      | Reached skill level 6 in Axes
  2809 | D:4      | Found a staircase to the Ecumenical Temple.
  2852 | D:4      | Reached XP level 6. HP: 56/56 MP: 5/5
  3594 | D:5      | Entered Level 5 of the Dungeon
  3603 | D:5      | Reached skill level 7 in Axes
  3732 | D:5      | Reached XP level 7. HP: 55/61 MP: 6/6
  3822 | D:5      | Reached skill level 5 in Ranged Weapons
  3862 | D:5      | Reached skill level 8 in Axes
  3965 | D:5      | Noticed Dowan
  3983 | D:5      | Killed Dowan
  3983 | D:5      | Reached *** piety under Trog
  3996 | D:5      | Noticed Grinder
  4009 | D:5      | Killed Grinder
  4010 | D:5      | Reached XP level 8. HP: 63/71 MP: 7/7
  4101 | D:5      | Noticed Duvessa
  4120 | D:5      | Killed Duvessa
  4320 | D:5      | Reached skill level 9 in Axes
  5155 | D:6      | Found Qizohit's Book Shoppe.
  5198 | D:6      | Found a glowing golden altar of the Shining One.
  5199 | D:6      | Found a sparkling altar of Nemelex Xobeh.
  5202 | D:6      | Found an ancient bone altar of Kikubaaqudgha.
  5392 | D:6      | Reached XP level 9. HP: 74/79 MP: 8/8
  5575 | D:6      | Reached skill level 10 in Axes
  6562 | D:7      | Reached skill level 1 in Evocations
  6845 | D:7      | Found a hide-covered altar of Uskayaw.
  6845 | D:7      | Found an ornate altar of the Wu Jian Council.
  7377 | D:8      | Reached skill level 11 in Axes
  7759 | D:8      | Noticed a two-headed ogre
  7908 | D:8      | Killed a two-headed ogre
  7909 | D:8      | Reached XP level 10. HP: 89/90 MP: 9/9
  8029 | D:8      | Found a large runed translucent door.
  8033 | D:8      | Found a large runed translucent door.
  8042 | D:8      | Found a large runed translucent door.
  8042 | D:8      | Found a large runed translucent door.
  8290 | D:8      | Found a shimmering altar of Xom.
  8338 | D:8      | Noticed a two-headed ogre
  8348 | D:8      | Killed a two-headed ogre
  8465 | D:8      | Noticed a gargoyle
  8474 | D:8      | Identified the +4 great mace of a volcano {freeze, Fragile
                  | rN+++ SInv Stlth+}
  8479 | D:8      | Killed a gargoyle
  8480 | D:8      | Reached skill level 12 in Axes
  8480 | D:8      | Reached skill level 10 in Ranged Weapons
  8778 | D:9      | Found a flagged portal.
  8784 | Bailey   | Entered a bailey
  9276 | Bailey   | Noticed an orc knight
  9290 | Bailey   | Killed an orc knight
 12520 | Bailey   | Identified the staff of cold "Didarch" {Drain rC+ rN+ Will+
                  | Stlth+}
 13498 | D:9      | Reached skill level 13 in Axes
 13498 | D:9      | Reached XP level 11. HP: 99/99 MP: 10/10
 13594 | D:9      | Identified the +0 robe "Owkuthrixt" {rF+}
 13915 | D:9      | Paralysed by a hornet for 1 turns
 14148 | D:10     | Entered Level 10 of the Dungeon
 14209 | D:10     | Found a radiant altar of Vehumet.
 14503 | D:10     | Found a staircase to the Orcish Mines.
 14503 | D:10     | Noticed a two-headed ogre
 14512 | D:10     | Killed a two-headed ogre
 14512 | D:10     | Reached **** piety under Trog
 14513 | D:10     | Reached skill level 10 in Fighting
 14521 | Orc:1    | Entered Level 1 of the Orcish Mines
 14620 | Orc:1    | Noticed Josephine
 14682 | Orc:1    | Killed Josephine
 15574 | Orc:1    | Reached skill level 5 in Evocations
 15587 | Orc:1    | Reached skill level 14 in Axes
 16338 | Orc:1    | Found a shimmering blue altar of Sif Muna.
 16486 | Orc:2    | Entered Level 2 of the Orcish Mines
 17258 | Orc:2    | Found a staircase to the Elven Halls.
 17273 | Orc:2    | Noticed an orc knight
 17503 | Orc:2    | Killed an orc knight
 17682 | Orc:2    | Noticed Donald
 17693 | Orc:2    | HP: 4/151 [Donald/+1 demon trident of flaming (41)]
 17693 | Orc:2    | Slain by Donald

Illustrated notes

Levels and vault maps discovered:
D:1:      dpeg_arrival_pits, layout_loops_ring, minmay_box_of_dots
D:2:      layout_loops_ring, dilly_ecumenical_altar_fadedgnrine,
          nrook_mini_backslash
D:3:      layout_basic, serial_shops, shop, chequers_serial_rivers_large_a,
          minmay_crystal_water
D:4:      layout_cave_pools, temple_fountains
D:5:      layout_cave_pools, serial_bayou, serial_bayou_pond_a,
          serial_bayou_pond_b, serial_bayou_pond_c, serial_bayou_crossing,
          uniq_grinder, uniq_duvessa
D:6:      layout_loops_corners, gammafunk_temple_overflow_forgotten,
          serial_shops, shop
D:7:      layout_cave_pools, nicolae_overflow_two_pavilions, minivault_5
D:8:      layout_cave_pools, mainiacjoe_overflow_alcove_2, chequers_avenue,
          kennysheep_cluttered_room, minmay_hollow_rounded_squares
D:9:      layout_roguey, enter_bailey_2
D:10:     layout_roguey, mainiacjoe_overflow_tiny_flanked,
          vehumet_altar_wand_db, lemuel_coloured_pillars_altar
Orc:1:    layout_caves, basic_altar, nicolae_orc_pool_cavern,
          kennysheep_orc_sif_temple, uniq_josephine
Orc:2:    st_orc_town, layout_caves, uniq_donald

Skill      XL: |  1  2  3  4  5  6  7  8  9 10 11 |
---------------+----------------------------------+-----
Axes           | 4 5 6 7 8 9 11 13 14 | 14.5
Fighting       | 4 5 6 7 8 9 10 | 10.7
Ranged Weapons | 1 3 4 6 7 9 11 12 | 12.5
Evocations     | 2 4 5 |  5.5
Armour         | |  2.4
Dodging        | |  2.1

Action                     |  1- 3 |  4- 6 |  7- 9 | 10-12 || total
---------------------------+-------+-------+-------+-------++-------
  Melee: Hand axe          |    74 |       |       |       ||    74
         Headbutt          |     8 |    10 |    26 |    56 ||   100
         Flail             |     6 |       |       |       ||     6
         Punch             |     1 |     2 |     4 |     1 ||     8
         War axe           |       |    81 |   181 |   262 ||   524
         Broad axe         |       |       |       |     7 ||     7
         Battleaxe         |       |       |       |    18 ||    18
   Fire: Sling             |    32 |    60 |     3 |   228 ||   323
         Shortbow          |       |       |   129 |       ||   129
  Throw: Boomerang         |       |     3 |     1 |    12 ||    16
         Dart              |       |       |     1 |       ||     1
 Invoke: Berserk           |       |     5 |     7 |    10 ||    22
         Trog's Hand       |       |     3 |     7 |    22 ||    32
  Evoke: Wand              |       |       |     6 |    13 ||    19
         Phantom mirror    |       |       |       |     1 ||     1
    Use: Scroll            |     2 |     5 |     4 |     9 ||    20
 Armour: Plate armour      |    64 |    85 |   143 |   164 ||   456
         Animal skin       |     1 |       |       |       ||     1
  Dodge: Dodged            |    30 |    45 |   112 |    62 ||   249
  Block: Kite shield       |       |       |       |    75 ||    75

Table legend: (Time is in decaauts)
 A = Elapsed time spent in this place.
 B = Non-inter-level travel time spent in this place.
 C = Inter-level travel time spent in this place.
 D = Time resting spent in this place.
 E = Time spent auto-exploring this place.
 F = Levels seen in this place.
 G = Mean time per level.
                   A        B        C        D        E       F      G
               +--------+--------+--------+--------+--------+-----+--------+
         Total |  18150 |  17610 |    540 |   8531 |   6139 |  13 | 1396.2 |
       Dungeon |  11037 |  10519 |    518 |   3116 |   5420 |  10 | 1103.7 |
  Orcish Mines |   3191 |   3169 |     22 |   1898 |    673 |   2 | 1595.5 |
        Bailey |   3921 |   3921 |      0 |   3516 |     46 |   1 | 3921.0 |
               +--------+--------+--------+--------+--------+-----+--------+

Top non-repeatable levels by time:
  Bailey: 3921 daAuts
   Orc:1: 1967 daAuts
     D:8: 1637 daAuts
     D:6: 1469 daAuts
     D:5: 1344 daAuts
     D:9: 1291 daAuts
     D:3: 1281 daAuts
   Orc:2: 1224 daAuts
     D:4: 1033 daAuts
     D:7: 916 daAuts
     D:1: 826 daAuts
     D:2: 794 daAuts
    D:10: 441 daAuts
